 Dungeon Crawl Stone Soup version 0.28-a0-1213-g0243856f03 (webtiles) character file.

Game seed: 6732980139782277168

2547 r3xj the Basher (level 9, -10/82 (84) HPs)
             Began as a Minotaur Fighter on Dec 22, 2021.
             Was a Priest of Okawaru.
             Mangled by Psyche (16 damage)
             ... on level 7 of the Dungeon.
             The game lasted 00:18:16 (7046 turns).

r3xj the Basher (Minotaur Fighter)                  Turns: 7046, Time: 00:18:16

HP:   -10/82 (84)   AC: 17    Str: 24    XL:     9   Next: 30%
MP:   8/8           EV: 14    Int:  5    God:    Okawaru [***...]
Gold: 220           SH:  5    Dex: 17    Spells: 8/8 levels left

rFire   . . .      SeeInvis .   B - +2 flail (protect)
rCold   . . .      Faith    .   c - +0 buckler
rNeg    . . .      Spirit   .   b - +0 scale mail
rPois   .          Reflect  .   (helmet restricted)
rElec   .          Harm     .   F - scarf {repulsion}
rCorr   .          Rampage  .   g - +1 pair of gloves
Will    .....                   m - +0 pair of boots
Stlth   ..........              (no amulet)
HPRegen 0.23/turn               v - +6 ring of dexterity
MPRegen 0.11/turn               E - +4 ring of evasion

@: under a protective aura, lightly drained, repel missiles
A: horns 2, retaliatory headbutt
a: Renounce Religion, Heroism


You were on level 7 of the Dungeon.
You worshipped Okawaru.
Okawaru was most pleased with you.
You visited 1 branch of the dungeon, and saw 8 of its levels.
You also visited: Ossuary.

You collected 352 gold pieces.
You spent 132 gold pieces at shops.

Inventory:

Hand Weapons
 a - a +0 flail
 B - a +2 flail of protection (weapon)
Missiles
 t - 53 poisoned darts (quivered)
Armour
 b - a +0 scale mail (worn)
 c - a +0 buckler (worn)
 g - a +1 pair of gloves (worn)
 l - a +0 plate armour
 m - a +0 pair of boots (worn)
 u - a scarf of resistance
 F - a scarf of repulsion (worn)
 G - a +0 kite shield
Jewellery
 v - a +6 ring of dexterity (left hand)
 E - a +4 ring of evasion (right hand)
Wands
 f - a wand of digging (3)
 x - a wand of flame (46)
 y - a wand of paralysis (8)
Scrolls
 e - a scroll of amnesia
 k - 3 scrolls of teleportation {unknown}
 n - a scroll of torment
 r - a scroll of summoning {unknown}
 w - 3 scrolls of enchant weapon {unknown}
 C - a scroll of fog
 D - a scroll of fear
 H - a scroll of silence {unknown}
 J - a scroll of acquirement {unknown}
 L - a scroll of enchant armour {unknown}
Potions
 d - 3 potions of might
 h - 5 potions of degeneration {unknown}
 i - 2 potions of curing {unknown}
 j - 2 potions of haste {unknown}
 o - 5 potions of heal wounds
 p - 2 potions of cancellation {unknown}
 q - a potion of mutation
 s - a potion of resistance
 z - a potion of magic
 A - 3 potions of flight {unknown}
 I - 2 potions of invisibility {unknown}
 K - a potion of lignification


   Skills:
 + Level 9.4 Fighting
 * Level 12.3 Maces & Flails
 + Level 3.7 Armour
 + Level 0.5 Dodging
 - Level 4.0 Shields


You had 8 spell levels left.
You didn't know any spells.
Your spell library contained the following spells:

 Spells                   Type           Power      Damage    Failure   Level
 Slow                     Hex            0%         N/A       77%         1
 Confusing Touch          Hex            0%         N/A       98%         3
 Gell's Gravitas          Tloc           0%         N/A       98%         3
 Lesser Beckoning         Tloc           0%         N/A       98%         3
 Ozocubu's Armour         Ice            0%         N/A       98%         3
 Teleport Other           Tloc           0%         N/A       98%         3
 Vampiric Draining        Necr           0%         2d6       98%         3
 Ozocubu's Refrigeration  Ice            0%         4d5       100%        7


Dungeon Overview and Level Annotations

Branches:
Dungeon (8/15)             Temple (0/1) D:4         Ossuary (visited)
   Lair: D:8-11

Altars:
Okawaru

Shops:
D:4 [

Annotations:
D:4 Shop inaccessible
D:7 Psyche


Innate Abilities, Weirdness & Mutations

You have a pair of horns on your head.
You reflexively headbutt those who attack you in melee.


Message History

Reactivating autopickup.
There is a stone staircase leading down here.
You start resting.
Something hits you but does no damage. Space warps horribly around you!
Deactivating autopickup; reactivate with Ctrl-A.
You hear some strange, mumbled words.
Your transformation is almost over.
You hear some strange, mumbled words.
Something barely misses you.
Your transformation has ended.
Your +2 flail of protection unmelds from your body.
Your scarf of repulsion unmelds from your body.
Your +1 pair of gloves unmelds from your body.
Your +0 pair of boots unmelds from your body.
Your +0 buckler unmelds from your body.
Your +0 scale mail unmelds from your body.
Your +6 ring of dexterity unmelds from your body.
Your +4 ring of evasion unmelds from your body.
Your +2 flail of protection hums with potential!
You are surrounded by a repulsion field.
You feel agile.
You hear some strange, mumbled words.
A swirling arc of seething chaos appears!
An arc of chaos appears from out of thin air!
The arc of chaos hits you. Something hits you but does no damage.
Space warps around you. Something hits you. Space warps around you.
You sock something!
Your weapon exudes an aura of protection.
You headbutt something. Something hits you but does no damage.
Space warps horribly around you!!
* * * LOW HITPOINT WARNING * * *
You feel much better. Something hits you. Space warps around you.
You miss something. Something hits you but does no damage.
Space warps horribly around you!
* * * LOW HITPOINT WARNING * * *
You hit something but do no damage. Something hits you!
* * * LOW HITPOINT WARNING * * *
Space warps horribly around you!
You die...

.###<.####.##.......##.#.......#.
.........#.##.##.##....).......>.
.###..##.........##.##.#.......#.
......####.##.##.##.##.##........
...##......##.##.......##....####
##.##########.......#####...##
##.# ####.#### #...# ##.#######
#.# #...# .........# #@# #...#
###......# #{########...#####
#........# ####.#...............
#.#......####.#..................
#............#...#...............
#......>.####.###########...#####
.....>...# #.# #...# #.########
#.# #...# #...# #.# #...#


There were no monsters in sight!

Vanquished Creatures
  A wyvern (D:7)
  Edmund (D:5)
  A water moccasin (D:7)
  An orc warrior (D:7)
  A black bear (D:4)
  2 necrophages (D:7)
  3 ogres
  A centaur (D:6)
  A kobold brigand (D:7)
  Blork the orc (D:5)
  A bullfrog (D:6)
  A gnoll sergeant (D:8)
  5 scorpions (D:4)
  A water moccasin zombie (D:6)
  A wyvern zombie (D:7)
  6 howler monkeys
  A centaur zombie (D:6)
  2 hounds
  A bullfrog zombie (D:5)
  A jelly (D:7)
  Natasha (twice) (D:3)
  5 orc wizards
  A killer bee zombie (D:7)
  3 mummies (Ossuary)
  A howler monkey zombie (D:5)
  3 gnolls (D:8)
  5 adders
  A shadow imp (D:7)
  2 ufetubi (D:5)
  2 adder zombies (Ossuary)
  A worm (D:4)
  2 dart slugs
  9 orcs
  4 endoplasms
  4 giant cockroaches
  9 goblins
  11 hobgoblins
  2 quokkas
  6 ball pythons
  12 bats
  A frilled lizard (D:1)
  3 goblin zombies (Ossuary)
  4 hobgoblin zombies (Ossuary)
  15 kobolds
  2 kobold zombies (Ossuary)
  3 quokka zombies (Ossuary)
  10 rats
  4 rat zombies (Ossuary)
160 creatures vanquished.

Vanquished Creatures (others)
  Natasha (D:3)
  A fungus (D:4)
2 creatures vanquished.

Grand Total: 162 creatures vanquished

Notes
Turn   | Place    | Note
-------+----------+-------------------------------------------
     0 | D:1      | r3xj the Minotaur Fighter began the quest for the Orb.
     0 | D:1      | Reached XP level 1. HP: 19/19 MP: 0/0
   214 | D:1      | Reached skill level 3 in Maces & Flails
   214 | D:1      | Reached XP level 2. HP: 26/27 MP: 1/1
   613 | D:1      | Found a faded altar of an unknown god.
   825 | D:1      | Reached XP level 3. HP: 31/33 MP: 2/2
  1079 | D:2      | Reached skill level 4 in Maces & Flails
  2002 | D:3      | Killed Natasha
  2024 | D:3      | Reached XP level 4. HP: 41/41 MP: 3/3
  2034 | D:3      | Noticed Natasha
  2040 | D:3      | Killed Natasha
  2096 | D:3      | Found an iron altar of Okawaru.
  2131 | D:3      | Reached skill level 5 in Maces & Flails
  2132 | D:3      | Became a worshipper of Warmaster Okawaru
  2153 | D:3      | Noticed Natasha
  2162 | D:3      | Killed Natasha
  2163 | D:3      | Reached XP level 5. HP: 43/47 MP: 4/4
  2707 | D:4      | Reached skill level 5 in Fighting
  2712 | D:4      | Reached skill level 6 in Maces & Flails
  2712 | D:4      | Reached XP level 6. HP: 56/56 MP: 5/5
  2713 | D:4      | Reached * piety under Okawaru
  2757 | D:4      | Reached skill level 7 in Maces & Flails
  2919 | D:4      | Found a staircase to the Ecumenical Temple.
  3204 | D:4      | Reached XP level 7. HP: 52/63 MP: 6/6
  3312 | D:4      | Found Qanu's Armour Boutique.
  3725 | D:5      | Entered Level 5 of the Dungeon
  3743 | D:5      | Reached skill level 8 in Maces & Flails
  4099 | D:5      | Noticed Edmund
  4131 | D:5      | Killed Edmund
  4131 | D:5      | Reached ** piety under Okawaru
  4427 | D:5      | Noticed Blork the orc
  4436 | D:5      | Killed Blork the orc
  4437 | D:5      | Reached skill level 9 in Maces & Flails
  4781 | D:4      | Reached XP level 8. HP: 73/73 MP: 7/7
  4782 | D:4      | Bought a scarf of repulsion for 132 gold pieces
  5013 | D:6      | Reached skill level 10 in Maces & Flails
  5346 | D:6      | Reached *** piety under Okawaru
  5710 | D:7      | Reached skill level 11 in Maces & Flails
  5838 | D:7      | Reached XP level 9. HP: 71/83 MP: 8/8
  5846 | D:7      | Found a sand-covered staircase.
  6003 | Ossuary  | Entered an ossuary
  6512 | D:7      | Reached skill level 12 in Maces & Flails
  6939 | D:8      | Noticed Psyche
  7046 | D:7      | Mangled by Psyche

Illustrated notes

Levels and vault maps discovered:
D:1:      psy_arrival_statuary, layout_loops_corners,
          hellmonk_ecumenical_altar_run_dry, minmay_misc_feat_hallway,
          feat_on_display
D:2:      layout_loops_corners
D:3:      layout_loops_ring, okawaru_trees_2, lemuel_old_faithful, uniq_natasha
D:4:      old_forge, layout_loops_corners, minmay_temple_entry_wispy,
          serial_shops, nicolae_take_the_stairs
D:5:      layout_cave_pods, chequers_arboretum, grunt_ministairs_11,
          uniq_edmund, uniq_blork_the_orc
D:6:      layout_cave_pods
D:7:      layout_loops_cross, enter_ossuary_3
D:8:      layout_cave_pools, uniq_maurice, uniq_psyche

Skill      XL: |  1  2  3  4  5  6  7  8  9 |
---------------+----------------------------+-----
Maces & Flails | 3 4 5 6 7 9 11 12 | 12.3
Fighting       | 4 5 6 7 9 |  9.4
Shields        | 4 |  4.0
Armour         | |  3.7
Dodging        | |  0.5

Action                   |  1- 3 |  4- 6 |  7- 9 || total
-------------------------+-------+-------+-------++-------
Melee: Flail             |    98 |    80 |   224 ||   402
       Headbutt          |    11 |    18 |    66 ||    95
       Unarmed           |       |       |     6 ||     6
Throw: Dart              |       |       |     7 ||     7
Invok: Heroism           |       |       |     1 ||     1
  Use: Scroll            |       |       |     8 ||     8
       Potion            |       |       |     1 ||     1
Armor: Scale mail        |    49 |    31 |    62 ||   142
       Skin              |       |       |     5 ||     5
Dodge: Dodged            |    42 |    35 |    93 ||   170
Block: Buckler           |    15 |    21 |    30 ||    66

Table legend: (Time is in decaauts)
 A = Elapsed time spent in this place.
 B = Non-inter-level travel time spent in this place.
 C = Inter-level travel time spent in this place.
 D = Time resting spent in this place.
 E = Time spent auto-exploring this place.
 F = Levels seen in this place.
 G = Mean time per level.
                   A        B        C        D        E       F      G
               +--------+--------+--------+--------+--------+-----+--------+
         Total |   7047 |   6638 |    409 |    202 |   5280 |   9 |  783.0 |
       Dungeon |   6803 |   6394 |    409 |    202 |   5108 |   8 |  850.4 |
       Ossuary |    243 |    243 |      0 |      0 |    172 |   1 |  243.0 |
               +--------+--------+--------+--------+--------+-----+--------+

Top non-repeatable levels by time:
     D:4: 1175 daAuts
     D:5: 1092 daAuts
     D:1: 1079 daAuts
     D:7: 1014 daAuts
     D:2: 934 daAuts
     D:6: 710 daAuts
     D:3: 667 daAuts
 Ossuary: 243 daAuts
     D:8: 129 daAuts
